 Dungeon Crawl Stone Soup version 0.29.1-2-gbd0b4ee654 (webtiles) character file.

Game seed: 16711126306776467551

155836 mortz the Executioner (level 17, -4/140 (146) HPs)
             Began as a Hill Orc Monk on Nov 4, 2022.
             Was the Champion of Beogh.
             Blown up by an orb spider (48 damage)
             ... with an orb of destruction
             ... on level 4 of the Spider Nest on Nov 5, 2022.
             The game lasted 04:19:12 (35733 turns).

mortz the Executioner (Hill Orc Monk)              Turns: 35733, Time: 04:19:12

HP:   -4/140 (146)  AC: 33    Str: 31    XL:     17   Next: 66%
MP:   2/34          EV:  5    Int: 10    God:    Beogh [******]
Gold: 2482          SH:  0    Dex: 11    Spells: 16/16 levels left

rFire   + . .      SeeInvis +   b - +9 battleaxe
rCold   . . .      Faith    .   (shield currently unavailable)
rNeg    + . .      Spirit   .   W - +4 plate armour "Waacited" {Fly rF+ Str+9 Dex-2}
rPois   +          Reflect  +   H - +0 helmet
rElec   +          Harm     .   X - +2 cloak of Summer {rElec rN+ MP+9}
rCorr   .          Rampage  .   Z - +2 pair of gloves
Will    +....                   P - +0 pair of boots
Stlth   ..........              r - amulet of reflection
HPRegen 0.33/turn               j - ring of see invisible
MPRegen 0.24/turn               R - ring of poison resistance

@: flying, held, studying 2 skills, lightly drained
A: walk on water, frail 1
a: Renounce Religion, Smiting, Recall Orcish Followers, Give Item to Named
Follower, Resurrection


You were on level 4 of the Spider Nest.
You worshipped Beogh.
Beogh was exalted by your worship.
You visited 5 branches of the dungeon, and saw 27 of its levels.
You also visited: Bailey and Volcano.

You collected 3201 gold pieces.
You spent 719 gold pieces at shops.

Inventory:

Hand Weapons
 a - the +8 lance "Wyrmbane" {slay drac, rPois rF+ rC+ AC+3}
   (You found it on level 1 of the Orcish Mines)

   It inflicts extra damage against dragons and draconians.
   AC:        It affects your AC (+3).
   rF:        It protects you from fire.
   rC:        It protects you from cold.
   rPois:     It protects you from poison.
 b - a +9 battleaxe (weapon)
 g - the +11 plutonium sword {Contam Stlth-}
   (You found it on level 13 of the Dungeon)

   It occasionally inflicts wild transmutation effects on those it strikes,
   inflicting malmutation or extra damage, or polymorphing them into a new form.
   Contam:    It causes magical contamination when unequipped.
   Stlth:     It makes you less stealthy.
 i - a +4 halberd of protection
 k - the +4 arbalest of the Saviour {elec, Stlth+}
   (You found it on level 2 of the Orcish Mines)

   Any ammunition fired from it occasionally discharges a powerful burst of
   electricity upon striking a foe.
   Stlth:     It makes you more stealthy.
 s - the +8 glaive of the Disturbing Tales {vorpal, rPois Int+3}
   (You found it on level 1 of the Orcish Mines)

   It inflicts extra damage upon your enemies.
   Int:       It affects your intelligence (+3).
   rPois:     It protects you from poison.
 O - a +3 battleaxe
 T - the +8 falchion of Division {freeze, Will- Str+8 Int+2 Stlth+}
   (You found it on level 1 of the Orcish Mines)

   It freezes those it strikes, dealing additional cold damage.
   It can also slow down cold-blooded creatures.
   Str:       It affects your strength (+8).
   Int:       It affects your intelligence (+2).
   Will:      It decreases your willpower.
   Stlth:     It makes you more stealthy.
Missiles
 B - 30 poisoned darts (quivered)
 Y - 6 silver javelins
Armour
 z - a +4 plate armour
 D - the +0 kite shield of Monotheism {rPois Dex+2 Stlth+}
   (You took it off Donald on level 3 of the Spider Nest)

   Dex:       It affects your dexterity (+2).
   rPois:     It protects you from poison.
   Stlth:     It makes you more stealthy.
 E - a +1 robe of the Archmagi
 H - a +0 helmet (worn)
 P - a +0 pair of boots (worn)
 W - the +4 plate armour "Waacited" (worn) {Fly rF+ Str+9 Dex-2}
   (You found it in a bailey)

   Str:       It affects your strength (+9).
   Dex:       It affects your dexterity (-2).
   rF:        It protects you from fire.
   Fly:       It grants you flight.
 X - the +2 cloak of Summer (worn) {rElec rN+ MP+9}
   (You found it in a bailey)

   rElec:     It insulates you from electricity.
   rN:        It protects you from negative energy.
   MP:        It affects your magic capacity (+9).
 Z - a +2 pair of gloves (worn)
Jewellery
 j - a ring of see invisible (left hand)
 o - a ring of protection from fire
 p - a ring of willpower
 r - an amulet of reflection (around neck)
 x - a ring of willpower
 K - the ring of Woolyqel {rC+ Str+3 Dex+3 Stlth-}
   (You found it on level 3 of the Spider Nest)

   [ring of protection from cold]

   Str:       It affects your strength (+3).
   Dex:       It affects your dexterity (+3).
   rC:        It protects you from cold.
   Stlth:     It makes you less stealthy.
 R - a ring of poison resistance (right hand)
Wands
 F - a wand of iceblast (4)
 J - a wand of charming (28)
 L - a wand of quicksilver (13)
 N - a wand of flame (35)
 S - a wand of digging (7)
Scrolls
 l - 6 scrolls of butterflies
 m - 11 scrolls of teleportation
 u - 3 scrolls of magic mapping
 y - 5 scrolls of blinking
 A - 8 scrolls of fear
 Q - a scroll of summoning
 U - a scroll of poison
Potions
 c - 8 potions of ambrosia
 d - 4 potions of lignification
 e - 7 potions of attraction
 f - 5 potions of heal wounds
 n - 5 potions of cancellation
 q - 10 potions of curing
 t - 4 potions of haste
 v - 7 potions of invisibility
 w - 3 potions of might
 C - 3 potions of brilliance
 G - 2 potions of magic
 I - 3 potions of resistance
 M - 7 potions of mutation


   Skills:
 + Level 18.1 Fighting
 + Level 23.9 Axes
 + Level 2.5 Throwing
 + Level 18.8 Armour
 + Level 4.6 Dodging
 + Level 7.4 Stealth
 - Level 1.0 Shields
 - Level 11.1 Invocations
 + Level 0.3 Evocations


You had 16 spell levels left.
You didn't know any spells.
Your spell library contained the following spells:

 Spells                   Type           Power      Damage    Failure   Level
 Apportation              Tloc           0%         N/A       83%         1
 Sandblast                Erth           0%         2d4       83%         1
 Blink                    Tloc           0%         N/A       93%         2
 Ensorcelled Hibernation  Hex/Ice        0%         N/A       93%         2
 Passwall                 Tmut/Erth      0%         N/A       93%         2
 Poisonous Vapours        Pois/Air       0%         N/A       93%         2
 Dazzling Flash           Conj/Hex       0%         N/A       99%         3
 Frozen Ramparts          Ice            0%         1d1       99%         3
 Gell's Gravitas          Tloc           0%         N/A       99%         3
 Lesser Beckoning         Tloc           0%         N/A       99%         3
 Stone Arrow              Conj/Erth      0%         3d7       99%         3
 Swiftness                Air            0%         N/A       99%         3
 Teleport Other           Tloc           0%         N/A       99%         3
 Airstrike                Air            0%         2d(0-16)  100%        4
 Corpse Rot               Necr/Pois/Air  0%         N/A       100%        4
 Fulminant Prism          Conj/Hex       0%         3d6       100%        4
 Ice Form                 Ice/Tmut       0%         N/A       100%        4
 Iskenderun's Mystic Bla  Conj/Tloc      0%         2d3       100%        4
 Summon Ice Beast         Ice/Summ       0%         N/A       100%        4
 Summon Lightning Spire   Summ/Air       0%         N/A       100%        4
 Agony                    Necr           0%         N/A       100%        5
 Alistair's Intoxication  Tmut/Pois      0%         N/A       100%        5
 Lee's Rapid Deconstruct  Erth           0%         3d5*      100%        5
 Lightning Bolt           Conj/Air       0%         1d11      100%        5
 Manifold Assault         Tloc           0%         N/A       100%        5
 Silence                  Hex/Air        0%         N/A       100%        5
 Dispersal                Tloc           0%         N/A       100%        6
 Iron Shot                Conj/Erth      0%         9d1       100%        6
 Statue Form              Tmut/Erth      0%         N/A       100%        6
 Malign Gateway           Summ/Tloc      0%         N/A       100%        7
 Disjunction              Tloc           0%         N/A       100%        8
 Summon Horrible Things   Summ           0%         N/A       100%        8


Dungeon Overview and Level Annotations

Branches:
Dungeon (15/15) Zot: 25613  Temple (1/1) D:4 Zot: 5809    Lair (5/5) D:10 Zot: 22096
 Shoals (0/4) Lair:3       Spider (4/4) Lair:3 Zot: 19676   Slime (0/5) Lair:4
    Orc (2/2) D:9 Zot: 8123     Elf (0/3) Orc:2        Vaults (0/5) D:14
 Depths (0/4) D:15         Bailey (visited)         Volcano (visited)

Altars:
Ashenzari
Cheibriados
Dithmenos
Elyvilon
Fedhas
Gozag
Hepliaklqana
Kikubaaqudgha
Makhleb
Nemelex Xobeh
Okawaru
Qazlal
Ru
Sif Muna
Trog
Uskayaw
Vehumet
Wu Jian
Xom
Yredelemnul
Zin
The Shining One
Beogh
Jiyva

Shops:
D:5 ?   Orc:2 :?*[

Annotations:
Spider:4 1 exclusion


Innate Abilities, Weirdness & Mutations

You can walk on water.
You are frail. (-10% HP)


Message History

Your wolf spider goes berserk!
The orb spider spins a strand of pure energy.
Your wolf spider closely misses the jorogumo.
Your wolf spider misses the jorogumo.
The jumping spider pounces on your wolf spider but does no damage.
The jumping spider bites your wolf spider but does no damage.
The culicivora bites you. The jumping spider pounces on you!
The jorogumo hits your wolf spider but does no damage.
Your steelbarb worm hits the redback!!
The redback dies!
Beogh accepts your kill.
Your moth of wrath closely misses the jorogumo.
You barely miss the jorogumo. You slice the culicivora!!
You kill the culicivora!
Beogh accepts your kill.
You slice the jumping spider!!
You kill the jumping spider!
Beogh accepts your kill.
The jumping spider seems to regain its courage.
Your wolf spider hits the jorogumo!
Your wolf spider barely misses the jorogumo.
The jumping spider pounces on your wolf spider!!
The jumping spider bites your wolf spider.
The jumping spider leaps!
The orb spider weaves a glowing orb of energy.
Your wolf spider closely misses the jorogumo.
Your wolf spider bites the jorogumo!
The jorogumo looks as sick as possible!
Your wolf spider poisons the jorogumo!
The jorogumo stares at you and mumbles some strange words.
You are caught in a web!
The jorogumo barely misses your wolf spider.
An orb of destruction comes into view.
Aiming: Mindburst
Press: ? - help, Q - select action, (/) - cycle Shift-Dir - straight line, f - orb spider
Aim: an orb spider (fully charged, chance to affect: 49%)
The orb spider's mind is blasted!!
The now-empty wand crumbles to dust.
Your wolf spider hits the jorogumo!!
Your wolf spider barely misses the jorogumo.
The orb of destruction hits you!!!
You die...

# ##################
###..#.^.s°○.s^....########
.##.........°○......^.....##
.....#..######☼.†.w######..#
†..^.#^##,,**##☼@†##**,,##.#
.###.###,,,#^.ysHs...#,,,###
...###*,,,*#..H*.....#*,,,**
..###*,,^*#^.^s^ss..^.#*,,,*
..#.#*,,*#^.^#(^...#...#*,^*
....#*,,*.^.###...###...*,,*
#..##*,,,.^^,*.....*,^..,,^*
...#**,,,.^,,,.^...s,,..,,,**
.###*,,,,^,,,,,,,,,,^,^,^,,^*


You could see 2 jorogumos, 3 orb spiders, 2 jumping spiders, a redback, a
friendly steelbarb worm (summoned), a friendly wolf spider (summoned, berserk)
and a friendly moth of wrath (summoned).

Vanquished Creatures
  Mara (Spider:3)
  Arachne (Spider:2)
  Rupert (Lair:3)
  2 emperor scorpions
  2 ghost moths (Spider:4)
  A stone giant (Orc:1)
  An entropy weaver (Spider:2)
  A red draconian (Volcano)
  An ettin (Orc:1)
  Josephine (Lair:3)
  2 vault guards (D:14)
  3 hydras
  2 boulder beetles
  2 jorogumos (Spider:4)
  2 ogre magi
  8 two-headed ogres
  2 centaur warriors
  A death knight (D:13)
  6 death yaks
  3 orc high priests
  A skeletal warrior (D:13)
  2 pharaoh ants
  A fire crab (Lair:4)
  A sun moth (Spider:4)
  6 orb spiders
  A steelbarb worm (Spider:4)
  A lindwurm (Lair:4)
  3 orc knights
  An orc sorcerer (Orc:2)
  9 wolf spiders
  8 cyclopes
  An ugly thing (D:13)
  2 black mambas (Lair:5)
  2 elephants (Lair:4)
  A molten gargoyle (Lair:3)
  3 torpor snails
  10 cane toads
  A guardian serpent (Lair:5)
  A rime drake (Lair:3)
  An unseen horror (D:13)
  2 kobold demonologists (D:12)
  An efreet (D:14)
  3 komodo dragons
  A freezing wraith (D:15)
  2 yaktaurs (D:15)
  3 trolls
  A queen bee (Spider:3)
  2 meliai (Spider:3)
  Grinder (D:5)
  A polar bear (Lair:1)
  8 tarantellas
  7 slime creatures
  9 blink frogs
  A snapping turtle (Lair:3)
  2 jumping spiders
  A vampire (D:12)
  A shadow (D:11)
  8 yaks
  9 culicivoras
  8 wyverns
  2 wraiths
  3 steam dragons
  3 humans (D:14)
  Menkaure (D:4)
  18 redbacks
  6 wargs
  An acid dragon (D:11)
  9 water moccasins
  15 orc warriors
  3 ice beasts
  3 sky beasts (D:8)
  A black bear (Lair:3)
  11 wolves
  13 ogres
  5 centaurs
  A phantom (D:6)
  3 kobold brigands
  7 bullfrogs
  A necrophage (D:6)
  2 scorpions
  6 wights
  9 killer bees
  An electric eel (Lair:3)
  A howler monkey (D:7)
  3 lava snakes (Lair:3)
  9 jellies
  13 orc priests
  A gnoll bouda (D:9)
  9 hounds
  5 iguanas
  7 orc wizards
  4 hell rats
  8 gnolls
  5 adders
  A white imp (D:6)
  3 ufetubi
  A worm (D:4)
  A dart slug (D:5)
  35 orcs
  8 ball pythons
  5 endoplasms
  2 giant cockroaches
  10 goblins
  10 hobgoblins
  11 jackals
  6 bats
  2 frilled lizards (D:1)
  19 kobolds
  8 rats
  A withered plant (D:15)
482 creatures vanquished.

Vanquished Creatures (collateral kills)
  The ghost of Vubreenic the Markscentaur, an adept CeHu of Okawaru (Spider:3)
  Donald (Spider:3)
  2 emperor scorpions
  An orc warlord (Orc:2)
  A broodmother (Spider:4)
  3 spark wasps
  An entropy weaver (Spider:1)
  Nessos (Orc:2)
  The ghost of valliere the Tainter, a journeyman DrVM of Ashenzari (Lair:3)
  An ettin (Orc:1)
  Fannar (Lair:3)
  4 boulder beetles
  Erolcha (Orc:1)
  8 hydras
  A jorogumo (Spider:4)
  4 radroaches
  2 centaur warriors (D:13)
  7 death yaks
  3 two-headed ogres
  3 tengu warriors (D:14)
  An orc high priest (Orc:2)
  Sonja (Lair:1)
  Nergalle (Lair:3)
  A spark wasp zombie (D:15)
  3 skeletal warriors
  3 pharaoh ants
  3 steelbarb worms
  3 orb spiders
  A flayed ghost (D:15)
  A necromancer (D:15)
  A fire giant zombie (D:15)
  12 wolf spiders
  An orc sorcerer (Orc:2)
  A wizard (D:14)
  3 orc knights
  2 manticores
  15 cyclopes
  A stone giant zombie (D:15)
  2 moths of wrath (Spider:3)
  2 elephants (Lair:4)
  6 black mambas
  A molten gargoyle (Lair:3)
  5 torpor snails
  8 cane toads
  7 demonic crawlers
  2 komodo dragons
  6 yaktaurs (D:15)
  3 rime drakes
  A freezing wraith (D:13)
  7 meliai
  3 polar bears
  13 tarantellas
  5 trolls
  15 blink frogs
  2 hornets (Lair:5)
  8 slime creatures
  22 jumping spiders
  A centaur simulacrum (D:14)
  17 culicivoras
  19 yaks
  A spriggan skeleton (D:15)
  4 wraiths
  3 basilisks
  6 wyverns
  6 humans (D:14)
  The ghost of silentkaos13 the Magician, an amateur GnWn (D:3)
  32 redbacks
  3 wargs
  A naga (shapeshifter) (D:14)
  6 water moccasins
  14 orc warriors
  A black bear (Lair:4)
  5 ogres
  8 wolves
  2 centaurs (D:13)
  2 kobold brigands
  7 bullfrogs
  5 wights (D:9)
  15 killer bees
  A howler monkey (D:13)
  2 lava snakes (Lair:3)
  A jelly (D:3)
  11 orc priests
  4 orc wizards
  8 hell rats
  3 gnolls (D:9)
  A white imp (D:8)
  27 orcs
  6 kobolds
442 creatures vanquished.

Vanquished Creatures (others)
  3 orc warlords
  8 orc knights
  An orc high priest (Lair:3)
  An orc sorcerer (D:13)
  A human (D:14)
  A redback (Spider:3)
  17 orc warriors
  12 orc priests
  10 orc wizards
  A gnoll (D:3)
  51 orcs
  50 fungi
  68 plants
  17 withered plants
241 creatures vanquished.

Grand Total: 1165 creatures vanquished

Notes
Turn   | Place    | Note
-------+----------+-------------------------------------------
     0 | D:1      | mortz the Hill Orc Monk began the quest for the Orb.
     0 | D:1      | Reached XP level 1. HP: 19/19 MP: 1/1
   134 | D:1      | Reached XP level 2. HP: 21/27 MP: 2/2
   762 | D:1      | Reached XP level 3. HP: 19/33 MP: 3/3
  2051 | D:3      | Reached skill level 5 in Axes
  2114 | D:3      | Found a runed translucent door.
  2119 | D:3      | Reached XP level 4. HP: 41/41 MP: 4/4
  2120 | D:3      | Noticed silentkaos13's ghost (amateur GnWn)
  2281 | D:3      | Became a worshipper of Beogh the Brigand
  2281 | D:3      | Reached * piety under Beogh
  2281 | D:3      | Reached ** piety under Beogh
  2736 | D:3      | Reached skill level 1 in Armour
  3227 | D:3      | Reached XP level 5. HP: 47/47 MP: 5/5
  4481 | D:4      | Found a staircase to the Ecumenical Temple.
  4489 | Temple   | Entered the Ecumenical Temple
  4682 | D:4      | Reached skill level 5 in Fighting
  4682 | D:4      | Reached skill level 6 in Axes
  4682 | D:4      | Reached skill level 1 in Invocations
  4730 | D:4      | Reached XP level 6. HP: 44/56 MP: 6/6
  6213 | D:4      | Found a staircase to the Ecumenical Temple.
  6751 | D:5      | Entered Level 5 of the Dungeon
  6779 | D:5      | Noticed Menkaure
  6779 | D:5      | Noticed an ice beast
  6788 | D:4      | Killed Menkaure
  6789 | D:4      | Reached skill level 7 in Axes
  6789 | D:4      | Reached XP level 7. HP: 42/61 MP: 7/9
  6993 | D:5      | Found Juplorej's Magic Scroll Emporium.
  7005 | D:5      | Bought a scroll of identify for 22 gold pieces
  7005 | D:5      | Bought a scroll of noise for 11 gold pieces
  7005 | D:5      | Bought a scroll of teleportation for 33 gold pieces
  7190 | D:5      | Reached skill level 5 in Armour
  7190 | D:5      | Reached XP level 8. HP: 59/69 MP: 11/11
  7366 | D:5      | Bought a scroll of blinking for 82 gold pieces
  7398 | D:5      | Noticed Grinder
  7402 | D:5      | Killed Grinder
  7451 | D:5      | Found a sacrificial altar of Ru.
  7556 | D:5      | Bought a scroll of teleportation for 33 gold pieces
  7556 | D:5      | Bought a scroll of enchant weapon for 82 gold pieces
  7769 | D:5      | Reached skill level 1 in Throwing
  7932 | D:5      | Reached skill level 5 in Invocations
  8298 | D:6      | Found an opulent altar of Gozag.
  8408 | D:6      | Reached XP level 9. HP: 50/79 MP: 11/13
  9348 | D:6      | Reached skill level 8 in Axes
  9618 | D:7      | Reached skill level 9 in Axes
  9926 | D:7      | Reached XP level 10. HP: 79/90 MP: 15/15
 10319 | D:8      | Reached skill level 10 in Axes
 10443 | D:8      | Reached *** piety under Beogh
 10488 | D:8      | Found a flagged portal.
 10504 | Bailey   | Entered a bailey
 10643 | Bailey   | Noticed an orc knight
 10643 | Bailey   | Noticed an orc knight
 10653 | Bailey   | Killed an orc knight
 10654 | Bailey   | Reached skill level 11 in Axes
 10655 | Bailey   | Killed an orc knight
 10858 | Bailey   | Noticed an orc knight
 10867 | Bailey   | Killed an orc knight
 10915 | Bailey   | Identified the +4 plate armour "Waacited" {Fly rF+ Str+9
                  | Dex-2}
 10927 | Bailey   | Identified the +2 cloak of Summer {rElec rN+ MP+9}
 11082 | D:8      | Noticed a cyclops
 11083 | D:8      | Noticed a two-headed ogre
 11088 | D:8      | Killed a cyclops
 11089 | D:8      | Reached skill level 12 in Axes
 11090 | D:8      | Killed a two-headed ogre
 11546 | D:9      | Noticed a two-headed ogre
 11547 | D:9      | Killed a two-headed ogre
 11648 | D:9      | Reached skill level 13 in Axes
 11648 | D:9      | Reached XP level 11. HP: 95/97 MP: 17/17
 11957 | D:9      | Found a staircase to the Orcish Mines.
 11990 | D:9      | Found a roughly hewn altar of Beogh.
 12585 | D:10     | Entered Level 10 of the Dungeon
 12828 | D:10     | Found a staircase to the Lair.
 13171 | D:11     | Noticed a manticore
 13171 | D:11     | Noticed a five-headed hydra
 13175 | D:11     | Killed a manticore
 13176 | D:11     | Reached skill level 14 in Axes
 13177 | D:11     | Killed a five-headed hydra
 14239 | Lair:1   | Entered Level 1 of the Lair of Beasts
 14258 | D:10     | Identified a scroll of acquirement
 14258 | D:10     | Acquired a manual of Armour
 14293 | Lair:1   | Killed a seven-headed hydra
 14518 | Lair:1   | Reached skill level 10 in Armour
 14851 | Lair:1   | Reached skill level 15 in Axes
 14947 | Lair:1   | Noticed Sonja
 14951 | Lair:1   | Killed Sonja
 15238 | Lair:2   | Gained Nordag as an ally
 15239 | Lair:2   | Reached XP level 12. HP: 106/106 MP: 19/19
 15241 | Lair:2   | Noticed a seven-headed hydra
 15248 | Lair:2   | Killed a seven-headed hydra
 15248 | Lair:2   | Reached **** piety under Beogh
 15249 | Lair:2   | Reached skill level 16 in Axes
 15310 | Lair:2   | Gained Hawl as an ally
 15398 | Lair:2   | Found a dark tunnel.
 15405 | Volcano  | Entered a volcano
 15430 | Volcano  | Noticed an ogre mage
 15433 | Volcano  | Killed an ogre mage
 15434 | Volcano  | Reached skill level 10 in Fighting
 15439 | Volcano  | Found a bloodstained altar of Trog.
 15440 | Volcano  | Noticed a two-headed ogre
 15443 | Volcano  | Killed a two-headed ogre
 15444 | Volcano  | Noticed a two-headed ogre
 15444 | Volcano  | Noticed a two-headed ogre
 15459 | Volcano  | Killed a two-headed ogre
 15462 | Volcano  | Killed a two-headed ogre
 15463 | Volcano  | Reached skill level 17 in Axes
 15562 | Volcano  | Noticed a red draconian
 15580 | Volcano  | Killed a red draconian
 15829 | Volcano  | Noticed a two-headed ogre
 15829 | Volcano  | Noticed a two-headed ogre
 15833 | Volcano  | Killed a two-headed ogre
 15835 | Volcano  | Killed a two-headed ogre
 16078 | Volcano  | Noticed a two-headed ogre
 16083 | Volcano  | Killed a two-headed ogre
 16084 | Volcano  | Reached skill level 10 in Invocations
 16551 | Lair:3   | Noticed a five-headed hydra
 16560 | Lair:3   | Noticed a boulder beetle
 16561 | Lair:3   | Your ally Nordag died
 16564 | Lair:3   | Killed a seven-headed hydra
 16566 | Lair:3   | Killed a boulder beetle
 16567 | Lair:3   | Reached skill level 18 in Axes
 16748 | Lair:3   | Noticed Josephine
 16757 | Lair:3   | Killed Josephine
 16766 | Lair:3   | Gained Bogfrid as an ally
 16905 | Lair:3   | Noticed Fannar
 16911 | Lair:3   | Reached XP level 13. HP: 82/114 MP: 20/20
 16918 | Lair:3   | Killed Fannar
 17927 | Lair:3   | Noticed Nergalle
 17929 | Lair:3   | Noticed Rupert
 17934 | Lair:3   | Killed Nergalle
 17935 | Lair:3   | Killed Rupert
 17936 | Lair:3   | Reached skill level 19 in Axes
 18084 | Lair:3   | Found a runed translucent door.
 18099 | Lair:3   | Noticed valliere's ghost (journeyman DrVM)
 18278 | Lair:3   | Found a hole to the Spider Nest.
 18799 | Lair:3   | Found a staircase to the Shoals.
 19830 | Lair:4   | Found a viscous altar of Jiyva.
 19833 | Lair:4   | Found a staircase to the Slime Pits.
 19863 | Lair:4   | Reached skill level 20 in Axes
 20608 | Lair:5   | Entered Level 5 of the Lair of Beasts
 20744 | Lair:5   | Reached skill level 15 in Armour
 20868 | Lair:5   | Reached XP level 14. HP: 127/127 MP: 21/21
 20979 | Lair:5   | Reached ***** piety under Beogh
 22409 | D:12     | Reached skill level 21 in Axes
 22758 | Orc:1    | Entered Level 1 of the Orcish Mines
 23207 | Orc:1    | Reached skill level 5 in Stealth
 23207 | Orc:1    | Reached XP level 15. HP: 138/138 MP: 23/23
 23711 | Orc:1    | Gained Bogbrand as an ally
 24009 | Orc:1    | Found the +8 lance "Wyrmbane" {slay drac, rPois rF+ rC+
                  | AC+3}
 24012 | Orc:1    | Got the Compilation of Spelunking
 24042 | Orc:1    | Identified the +8 falchion of Division {freeze, Will- Str+8
                  | Int+2 Stlth+}
 24044 | Orc:1    | Identified the +8 glaive of the Disturbing Tales {vorpal,
                  | rPois Int+3}
 24286 | Orc:2    | Entered Level 2 of the Orcish Mines
 24894 | Orc:2    | Identified the +4 arbalest of the Saviour {elec, Stlth+}
 24987 | Orc:2    | Found a staircase to the Elven Halls.
 25063 | Orc:2    | Found Jech's Armour Shop.
 25095 | Orc:2    | Killed an orc warlord
 25096 | Orc:2    | Reached skill level 15 in Fighting
 25096 | Orc:2    | Reached XP level 16. HP: 135/148 MP: 24/24
 25177 | Orc:2    | Found a roughly hewn altar of Beogh.
 25226 | Orc:2    | Reached ****** piety under Beogh
 25297 | Orc:2    | Found Nishratei's Assorted Antiques.
 25309 | Orc:2    | Bought a scroll of magic mapping for 172 gold pieces
 25309 | Orc:2    | Bought a scroll of enchant weapon for 172 gold pieces
 25375 | Orc:2    | Noticed Nessos
 25388 | Orc:2    | Killed Nessos
 25466 | Orc:2    | Found a roughly hewn altar of Beogh.
 25752 | Orc:2    | Found Wiekh's Book Shoppe.
 25790 | Orc:2    | Found Zinogo's Magic Scroll Emporium.
 25797 | Orc:2    | Bought a scroll of magic mapping for 112 gold pieces
 25877 | Orc:1    | Gained Bogwik as an ally
 25878 | Orc:1    | Killed Erolcha
 25879 | Orc:1    | Reached skill level 22 in Axes
 25931 | Orc:1    | Found a roughly hewn altar of Beogh.
 27537 | D:13     | Your ally Bogwik died
 27578 | D:13     | Reached skill level 1 in Shields
 27743 | D:13     | Found the +11 plutonium sword {Contam Stlth-}
 27791 | D:13     | Gained Koronagh as an ally
 28206 | D:13     | Found a bloodstained altar of Trog.
 28487 | D:14     | Gained Bogdan as an ally
 28571 | D:14     | Gained Syrus as an ally
 28666 | D:14     | Found a basalt altar of Yredelemnul.
 28833 | D:14     | Gained Gorm as an ally
 28878 | D:14     | Found a gate to the Vaults.
 29164 | D:15     | Entered Level 15 of the Dungeon
 29343 | D:15     | Gained Boderik as an ally
 29774 | D:15     | Found a staircase to the Depths.
 30623 | D:3      | Killed silentkaos13's ghost
 30931 | Lair:3   | Killed valliere's ghost
 30936 | Lair:3   | Identified the +1 ring mail of Narcissism {rCorr MP-9
                  | Stlth+}
 30996 | Spider:1 | Entered Level 1 of the Spider Nest
 31002 | Spider:1 | Your ally Syrus died
 31014 | Spider:1 | Your ally Hawl died
 31017 | Spider:1 | Your ally Bogbrand died
 31356 | Spider:1 | Your ally Boderik died
 31803 | Spider:2 | Your ally Gorm died
 31804 | Spider:2 | Your ally Bogdan died
 32372 | Spider:2 | Noticed Arachne
 32378 | Spider:2 | Killed Arachne
 32533 | Spider:2 | Your ally Bogbrand died
 32578 | Spider:2 | Reached XP level 17. HP: 25/160 MP: 25/25
 32578 | Spider:2 | HP: 6/160 [radroach (31)]
 32593 | Spider:2 | Gained mutation: You are frail. (-10% HP) [mutagenic glow]
 33345 | Spider:3 | Reached skill level 23 in Axes
 33844 | Spider:3 | Identified the +0 kite shield of Monotheism {rPois Dex+2
                  | Stlth+}
 33844 | Spider:3 | Noticed Donald
 33851 | Spider:3 | Killed Donald
 33877 | Spider:3 | Noticed Mara
 33882 | Spider:3 | Noticed mortz's illusion
 33882 | Spider:3 | Killed Mara
 34292 | Spider:3 | Found a runed translucent door.
 34295 | Spider:3 | Noticed Vubreenic's ghost (adept CeHu)
 34743 | Spider:3 | Killed Vubreenic's ghost
 34745 | Spider:3 | Identified the ring of Woolyqel {rC+ Str+3 Dex+3 Stlth-}
 34788 | Spider:4 | Entered Level 4 of the Spider Nest
 35721 | Spider:4 | Your ally Koronagh died
 35727 | Spider:4 | Your ally Bogfrid died
 35733 | Spider:4 | Blown up by an orb spider

Illustrated notes

Levels and vault maps discovered:
D:1:      spicycebolla_arrival_ecumenical, layout_loops_ring
D:2:      layout_rooms
D:3:      layout_basic, ebering_ghost_inner_flame
D:4:      layout_basic, minmay_temple_entry_proselytizer
D:5:      layout_gridville, amcnicky_altar_gilded, serial_shops, shop,
          uniq_menkaure, uniq_grinder
D:6:      cheibrodos_steamvent, layout_basic, mainiacjoe_overflow_catwalk
D:7:      layout_cave_pools, hangedman_abyss_or_decor_stagger
D:8:      layout_cave_pools, enter_bailey_2, minmay_manual_maat
D:9:      layout_irregular_city, minmay_orc_entry_temple_small,
          chequers_serial_rivers_small_b
D:10:     layout_cave_pools, lair_entry_dummy, kennysheep_generic_room_2
D:11:     layout_rooms, dk_noncrumbling_2
D:12:     layout_big_octagon
D:13:     layout_gridville, trog_butcher_becter
D:14:     layout_irregular_city, ximxim_vaults_locker_room, old_standard_altar
D:15:     gammafunk_depths_entry_grave, layout_gridville,
          chequers_serial_rivers_room_a
Temple:   nicolae_temple_bog_church
Lair:1:   layout_loops_ring, serial_bayou_pond_b,
          chequers_serial_rivers_large_a, beast_lair_carwin_7,
          grunt_megastairs_3, lemuel_fruit_tree, serial_bayou_shore_b,
          uniq_sonja
Lair:2:   layout_hall_layers, enter_volcano_2
Lair:3:   cheibrodos_magma_flow, layout_cave_pods, minmay_shoals_entry_hut,
          spider_nest_entry_funnel_web, gammafunk_ghost_grave, uniq_josephine,
          uniq_fannar, uniq_rupert, uniq_nergalle
Lair:4:   wander_river, layout_layer_cave, slime_entry_1, serial_bayou_pond_e,
          minivault_27
Lair:5:   hangedman_lair_tendril_chambers, layout_misc_corridors,
          serial_bayou_shore_b
Spider:1: gammafunk_boulding_lane, drop_trap
Spider:2: layout_spider_delve, drop_trap, uniq_arachne
Spider:3: layout_chambers, gammafunk_ghost_grave, special_room
          [special_room_bee], uniq_mara, uniq_donald
Spider:4: johnstein_spider_rune_arachne_lair, drop_trap
Orc:1:    giant_chief_lemuel, layout_diamond_mine, basic_altar,
          nicolae_orc_sculptors_studio, uniq_erolcha
Orc:2:    pubby_orc_utopia, uniq_nessos

Skill      XL: |  1  2  3  4  5  6  7  8  9 10 11 12 13 14 15 16 17 |
---------------+----------------------------------------------------+-----
Fighting       | 4 5 7 8 9 10 12 14 15 16 18 | 18.1
Stealth        | 2 3 5 6 7 |  7.4
Axes           | 5 6 7 9 13 15 18 20 21 22 23 | 23.9
Armour         | 1 2 3 5 6 7 8 11 12 15 16 17 18 | 18.8
Invocations    | 1 2 4 5 7 8 9 10 11 | 11.1
Throwing       | 1 2 |  2.5
Dodging        | 3 4 |  4.6
Shields        | 1 |  1.0
Evocations     | |  0.3

Action                   |  1- 3 |  4- 6 |  7- 9 | 10-12 | 13-15 | 16-18 || total
-------------------------+-------+-------+-------+-------+-------+-------++-------
Melee: Hand axe          |   147 |   182 |       |       |       |       ||   329
       Punch             |     1 |     2 |       |       |       |       ||     3
       Halberd           |       |     6 |   175 |    18 |       |       ||   199
       Battleaxe         |       |       |    69 |   195 |   407 |   335 ||  1006
       Great mace        |       |       |       |     1 |     9 |       ||    10
       Lance             |       |       |       |       |       |    22 ||    22
Throw: Dart              |     2 |     5 |       |     4 |       |     8 ||    19
       Stone             |       |     2 |     1 |       |       |       ||     3
Invok: Convert to Beogh  |       |     1 |       |       |       |       ||     1
       Smiting           |       |       |    14 |    23 |    11 |    18 ||    66
       Recall Orcish Fol |       |       |       |     2 |       |    21 ||    23
       Give Item to Name |       |       |       |       |     3 |     5 ||     8
       Resurrection      |       |       |       |       |       |     1 ||     1
Evoke: Wand              |       |       |       |       |       |     3 ||     3
  Use: Scroll            |       |     8 |     5 |     7 |     7 |    10 ||    37
       Potion            |       |       |       |     2 |     1 |     6 ||     9
 Stab: Sleeping          |     6 |       |       |       |       |       ||     6
       Distracted        |       |       |       |     1 |     2 |     8 ||    11
       Confused          |       |       |       |       |     1 |       ||     1
       Held in net/web   |       |       |       |       |       |     2 ||     2
Armor: Robe              |    18 |       |       |       |       |       ||    18
       Ring mail         |     4 |     9 |       |       |       |       ||    13
       Chain mail        |       |    64 |   183 |    31 |       |       ||   278
       Plate armour      |       |       |       |   104 |   207 |   341 ||   652
Dodge: Dodged            |    84 |    70 |   130 |   103 |   220 |   187 ||   794
Block: Other             |       |       |       |       |     8 |    95 ||   103
       Reflection        |       |       |       |       |       |     6 ||     6
